Map: Tours du crépuscule

Players

GRAManuel - Winner!

  • Race: Zerg Zerg
  • League: Gold
  • Spawn Location: 7:00

zidar

  • Race: Zerg Zerg
  • League: Gold
  • Spawn Location: 1:00

VOD

Have the link to the VOD?

Description

Time

  • Played on: June 30, 2016, 9:18 a.m.
  • Length: 6:55
Show
View Real Time Build Order
Export as new Build Order

GRAManuel Zerg - Winner!

Build Orders: Pool First, Zergling Baneling 

Get SALT Encoding   

  12  0:01  Drone  
  13  0:12  Overlord  
  13  0:23  Drone  
  14  0:30  Drone  
  14  0:31  Drone  
  14  0:34  Drone  
  17  0:46  Spawning Pool  
  17  0:48  Extractor  
  15  0:50  Drone  
  15  0:56  Drone  
  17  1:07  Drone  
  18  1:18  Drone  
  19  1:28  Drone  
  19  1:30  Hatchery  
  19  1:38  Queen  
  21  1:41  Zergling x2  
  22  1:54  Overlord  
  22  2:01  Overlord  
  22  2:12  Drone  
  22  2:13  Queen  
  25  2:21  Metabolic Boost  
  26  2:22  Zergling x2  
  26  2:40  Drone  
  26  2:45  Queen  
  26  2:49  Zergling x2  
  26  2:50  Zergling x8  
  33  2:57  Baneling Nest, Zergling x2  
  33  3:00  Zergling x2  
  34  3:12  Roach Warren  
  33  3:13  Extractor  
  33  3:18  Drone  
  33  3:20  Drone  
  34  3:40  Baneling  
  34  3:41  Baneling x8  
  32  3:42  Zergling x6  
  22  4:09  Queen  
  24  4:10  Zergling x2  
  24  4:11  Zergling x2  
  26  4:24  Overlord  
  26  4:39  Baneling Nest  
  21  5:16  Zergling x2  
  21  5:17  Zergling x20  
  31  5:30  Baneling x3  
  31  5:33  Drone x2  
  31  5:34  Drone  
  31  5:50  Zergling x2  
  31  5:51  Zergling x6  
  35  6:01  Baneling  
  35  6:04  Drone  
  35  6:05  Drone x2  
  32  6:33  Zergling x10  
Show
View Real Time Build Order
Export as new Build Order

zidar Zerg 

Build Orders: Pool First 

Get SALT Encoding   

  12  0:02  Drone  
  13  0:16  Extractor, Drone  
  13  0:33  Spawning Pool  
  12  0:44  Overlord  
  12  0:45  Drone  
  13  0:50  Drone  
  14  1:00  Overlord  
  14  1:20  Queen  
  14  1:21  Zergling x2  
  14  1:24  Zergling x2  
  18  1:29  Zergling x2  
  19  1:43  Zergling x2  
  19  1:46  Metabolic Boost  
  20  1:54  Zergling x2  
  21  2:01  Zergling x2  
  22  2:15  Zergling x2  
  23  2:22  Zergling x2  
  24  2:28  Zergling x6  
  27  2:48  Hatchery  
  27  2:50  Zergling x4  
  28  3:08  Zergling x4  
  30  3:24  Overlord x2  
  29  3:42  Queen  
  17  4:08  Zergling x8  
  17  4:09  Zergling x2  
  22  4:29  Zergling x6  
  25  4:41  Zergling x4  
  24  5:06  Zergling x16  
  24  5:18  Zergling x2  
  25  5:33  Hatchery  
  24  5:38  Zergling x8  
  28  5:49  Zergling x2  
  23  5:50  Zergling x2  
  23  6:02  Zergling x6  
  24  6:20  Baneling Nest  
  22  6:30  Zergling x2  
  22  6:31  Zergling x2  
Tags
 
Add a new tag
Caveats
  • Supply blocks, unpowered buildings, or Contaminate may cause inaccurate times.
  • Supply counts are checked every 10 seconds.